[Event "Metz op 31th"]
[Site "Metz"]
[Date "2013.07.24"]
[Round "7"]
[White "Svetushkin, Dmitry"]
[Black "Nisipeanu, Liviu Dieter"]
[Result "1-0"]
[ECO "C19"]
[WhiteElo "2588"]
[BlackElo "2677"]
[Annotator "Metz Alekhine/Primel,D"]
[PlyCount "75"]
[EventDate "2013.04.20"]
[EventType "swiss"]
[EventRounds "9"]
[EventCountry "FRA"]
[SourceTitle "EXT 2016"]
[Source "ChessBase"]
[SourceDate "2015.10.08"]
[SourceVersion "1"]
[SourceVersionDate "2015.10.08"]
[SourceQuality "1"]
[TimeControl "40/5400:1800+30"]
[WhiteClock "1:30:00"]
[BlackClock "1:30:00"]

1. e4 e6 2. d4 d5 3. Nc3 Bb4 4. e5 c5 5. a3 Bxc3+ 6. bxc3 Ne7 7. Nf3 (7. Qg4 {
La grande ligne} Kf8 8. a4 (8. Nf3) (8. Qd1) (8. h4) 8... Qc7 9. Qd1 (9. Nf3)
9... cxd4 (9... b6) (9... Nbc6 10. Ra3 $5 {Kreiman,B (2493)-Kaidanov,G (2596)
USA-ch Seattle 2002 (2) 1-0}) 10. cxd4 Qc3+ 11. Bd2 Qxd4 12. Nf3 Qe4+ {
Naiditsch,A (2727)-Socko,B (2661) EU-chT (Men) 19th 2013 (2.7) 1-0} (12... Qg4
13. h3 Qe4+ 14. Be2)) 7... b6 (7... Nbc6 {La grande ligne}) 8.
Bb5+ {La manoeuvre classique pour empêcher la libération du Ba6} Bd7 9. Bd3
Ba4 {L'occupation de la case a4 par le B ou la Q est un grand thème de la
Winawer} (9... Qc7) (9... c4) 10. h4 (10. O-O {L'alternative mais les Blancs
choisissent une ligne plus ambitieuse}) 10... Qc7 (10... h6 11. h5 Qc7 (11... c4)) (10... Nbc6) 11. Bd2 Nd7 {Nc6 semble un peu plus actif} (
11... Nbc6 12. h5 cxd4 13. cxd4 Nf5 $132 {Alonso,S (2444)-Panno,O (2474)
Vicente Lopez Magistral 7th 2004 (1) 1/2-1/2}) 12. h5 h6 13. O-O a6 $5 $146 {
[%cal Gc7c6,Ga4b5] Revient à l'idée initiale de la variante b6 à savoir
l'échange du mauvais B mais c'est assez lent et les Noirs ne sont pas
certains d'avoir assez de compensations pour le P"b5" qui risque de tomber} (
13... c4 14. Be2 f6 {Schmaltz,R (2520) -Sjodahl,P (2420) Harplinge 1998 (2) 1/
2-1/2}) (13... O-O-O) 14. Qb1 $1 Qc6 15. Qb2 Bb5
16. Bxb5 Qxb5 17. Qxb5 axb5 18. Rfb1 $1 {[%csl Rb5,Re8] Après l'échange du
mauvais B et de la Q, les Noirs pensaient avoir égalisé mais les Blancs
gardent une petite avance de développement.} c4 (18... Nc6 $142 $5 {Garder la
tension au centre est peut-être un meilleur chemin vers l'égalité car
après la poussée c4, le Bc1 défendra facilement la faiblesse "a3"} 19. Rxb5
Ra4 20. Be3 Rc4 21. Rb3 Na5 $132) 19. Rxb5 Ra4
$1 {[%csl Ra3][%cal Ge7c6,Ge8e7,Gh8a8] Fixant la faiblesse "a3" avant de
doubler les R pour l'attaquer} 20. Nh4 O-O (20... Nc6 $5 21. f4 Ke7 22. f5 Rha8
23. Bc1 Na7 24. Rb4 $14) (20... Kd8 $5 {[%cal Gd8c7,Gh8a8] Avec un centre
fermé, le K Noir peut probablement rester au centre pour anticiper la finale}
21. g4 Kc7 22. f4 Rha8 $44) 21. g4 Rfa8 22. Bc1
$1 $14 {[%csl Rd7,Re7][%cal Gc1a3] Les compensations des Noirs pour le Pb5
sont assez incertaines car la paire de N manque d'activité.} R4a5 23. Rxa5
Rxa5 24. f4 f5 25. Kg2 (25. Kf2 Rb5 26. gxf5 Nxf5) 25... Rb5 26. gxf5 Nxf5 27.
Kh3 Kf7 28. Kg4 $16 {[%csl Rf7,Gg4,Rg7][%cal Gh4f5] Les Blancs ont une bonne
finale et ils ont remporté la victoire pour le contrôle de la case
importante "f5"} Nxh4 29. Kxh4 Nb8 {Le signe que la position Noire n'est pas
trés saine car malgré le centre fermé, le Bc1 est meilleur que le N qui
manque de cases centrales} 30. Kg4 $36 g6 $2 31. Kf3 $1 {
Préparant la poussée f5 sans craindre un échec intermédiaire} (31. a4 Ra5
32. hxg6+ Kxg6 33. f5+ $1 exf5+ 34. Kf4 Nc6 35. Rb1 ) (31. hxg6+ $1
Kxg6 32. f5+ $1 exf5+ 33. Kf4 h5 34. a4 Ra5 35. Rb1 Nd7 36. Bd2 $40 ) 31... Nc6 32. f5 $1 exf5 33. Bxh6 gxh5 34.
Rg1 $40 Rb2 35. Rg7+ Ke8 36. Rc7 Nd8 37. Bg5 Nf7 38. Bf6 1-0